 Dungeon Crawl Stone Soup version 0.30.1-9-gdf580d7c3d (webtiles) character file.

Game seed: 4266951110734804929

2992 bearlyready the Grappler (level 9, -5/78 HPs)
             Began as a Naga Transmuter on Oct 16, 2023.
             Slain by a vampire
             ... wielding a +0 vampiric halberd
              (8 damage)
             ... in a bailey.
             The game lasted 00:11:57 (7906 turns).

bearlyready the Grappler (Naga Transmuter)          Turns: 7906, Time: 00:11:58

Health: -5/78      AC: 12    Str: 12    XL:     9   Next: 83%
Magic:  11/12      EV: 10    Int: 17    God:
Gold:   318        SH:  0    Dex: 12    Spells: 2/12 levels left

rFire   + .          .
                       - Unarmed
rCold   . . .        (no shield)
rNeg    + . .        a - +0 robe
rPois   +            x - +0 helmet
rElec   .            k - +2 ratskin cloak {*Rats rPois rN+ Str-1 Int-1 Dex+1}
rCorr   .            (no gloves)
SInv    +            (no barding)
Will    +....        q - amulet of regeneration
Stlth   +            (no ring)
HPRegen 1.13/turn    (no ring)
MPRegen 0.13/turn

%: no passive effects
@: very slow
A: AC +3, large, see invisible, deformed body, poison resistance, slowness 2,
spit poison 1, naga tail 1, stinger 1, iridescent scales 2, fire resistance 1
a: Spit Poison


You were in a bailey.
You visited 2 branches of the dungeon, and saw 8 of its levels.
You also visited: Bailey.

You collected 318 gold pieces.

Inventory:

Missiles
 d - 29 poisoned darts (quivered)
Armour
 a - a +0 robe (worn)
 k - the +2 ratskin cloak (worn) {*Rats rPois rN+ Str-1 Int-1 Dex+1}
   (You found it on level 2 of the Dungeon)

   *Rats:     When the wearer is hurt, rats may emerge from it to assist them.
   Str:       It affects your strength (-1).
   Int:       It affects your intelligence (-1).
   Dex:       It affects your dexterity (+1).
   rPois:     It protects you from poison.
   rN:        It protects you from negative energy.
 p - a +0 cloak
 x - a +0 helmet (worn)
 A - a +0 leather armour of poison resistance
Jewellery
 q - an amulet of regeneration (around neck)
 w - an amulet of guardian spirit
Wands
 g - a wand of digging (8)
Scrolls
 c - a scroll of blinking
 h - 2 scrolls of immolation
 n - a scroll of vulnerability
 o - a scroll of fog
 r - 3 scrolls of teleportation
Potions
 e - 2 potions of haste {unknown}
 i - 5 potions of berserk rage {unknown}
 j - 2 potions of mutation
 m - 2 potions of curing {unknown}
 s - a potion of flight {unknown}
 u - a potion of degeneration {unknown}
 v - a potion of magic {unknown}
 z - a potion of might {unknown}
 B - a potion of heal wounds {unknown}


   Skills:
 + Level 4.0 Fighting
 - Level 1.5 Dodging
 + Level 11.4 Unarmed Combat
 - Level 2.0 Spellcasting
 + Level 5.8 Transmutations
 - Level 4.0 Poison Magic


You had 2 spell levels left.
You knew the following spells:

 Your Spells              Type           Power      Damage    Failure   Level
a - Beastly Appendage     Tmut           42%        N/A       1%          1
b - Wereblood             Tmut           21%        N/A       2%          2
c - Spider Form           Tmut/Pois      18%        N/A       8%          3
d - Petrify               Tmut/Erth      11%        N/A       52%         4

Your spell library contained the following spells:

 Spells                   Type           Power      Damage    Failure   Level
 Magic Dart               Conj           4%         1d3       19%         1
 Searing Ray              Conj           2%         2d4       28%         2
 Teleport Other           Tloc           1%         N/A       50%         3
 Ice Form                 Ice/Tmut       11%        N/A       52%         4
 Fulminant Prism          Conj/Hex       0%         3d5       88%         4
 Iskenderun's Mystic Bla  Conj/Tloc      1%         2d3       88%         4
 Summon Ice Beast         Ice/Summ       1%         N/A       88%         4
 Summon Mana Viper        Hex/Summ       1%         N/A       99%         5
 Malign Gateway           Summ/Tloc      0%         N/A       100%        7
 Monstrous Menagerie      Summ           0%         N/A       100%        7


Dungeon Overview and Level Annotations

Branches:
Dungeon (7/15)             Temple (1/1) D:5          Bailey (1/1)

Altars:
Ashenzari
Dithmenos
Elyvilon
Fedhas
Gozag
Hepliaklqana
Kikubaaqudgha
Makhleb
Okawaru
Ru
Sif Muna
Uskayaw
Vehumet
Wu Jian
Xom
Zin
The Shining One


Innate Abilities, Weirdness & Mutations

Your serpentine skin is tough. (AC +3)
You have supernaturally acute eyesight. (SInv)
Armour fits poorly on your strangely shaped body.
Your system is resistant to poisons. (rPois)
You cover ground very slowly.
You can spit poison.
You have a snake-like lower body.
Your tail ends in a venomous barb.
You are mostly covered in iridescent scales. (AC +4)
Your flesh is heat resistant. (rF+)


Message History

The vampire hits you with a +0 vampiric halberd.
The vampire draws strength from your wounds!
The vampire bites you!
A hell rat scurries out from under your cloak.
The vampire draws strength from your injuries!
It was a potion of mutation.
You feel extremely strange.
Iridescent scales grow over part of your body.
Iridescent scales spread over more of your body.
You feel resistant to heat.
A venomous barb forms on the end of your tail.
The vampire hits you with a +0 vampiric halberd!
The vampire closely misses you.
Okay, then.
It was a potion of cancellation.
Your magical effects are unravelling.
You feel magically purged.
Your primal bloodlust has ended.
The vampire hits you with a +0 vampiric halberd.
A hell rat scurries out from under your cloak.
The vampire bites you.
A hell rat scurries out from under your cloak.
The vampire draws strength from your injuries!
You feel less attractive to monsters.
You hit the vampire. Your punch misses the vampire.
The vampire is moderately damaged.
The vampire hits you with a +0 vampiric halberd!
The vampire closely misses you.
You hit the vampire.
The vampire is heavily damaged.
You barely miss the vampire.
The vampire is heavily damaged.
The vampire hits you with a +0 vampiric halberd!
* * * LOW HITPOINT WARNING * * *
The vampire draws strength from your wounds!
The vampire completely misses you.
You swap places.
The vampire hits you from afar with a +0 vampiric halberd!
* * * LOW HITPOINT WARNING * * *
The vampire hits you from afar with a +0 vampiric halberd!
You die...

##### #÷.|# ####
####÷..# #### #....
#####).'.).# #..##....
....#))##### #..#...#
....#'##.... #..'..#
.)).......... #..V..#
##.........♣. #rr#
...........♣ #@r##
.....♣....... #...##
##.....♣..... ##....###
#........♣♣..##......8#
'...♣...♣...##...##...#
#...♣.......)#.)..##..#
#...♣♣.♣.....##....#..#
#...........))##...#..#
#......######).)...#..#


You could see a vampire (invisible) and 3 friendly hell rats.

Vanquished Creatures
  A gargoyle (Bailey)
  Sigmund (D:5)
  2 black bears (D:5)
  An orc warrior (D:6)
  A sky beast (D:6)
  2 phantoms
  3 kobold brigands
  A bullfrog (D:7)
  3 scorpions
  8 vampire bats (Bailey)
  4 wolf zombies (Bailey)
  A jelly (D:6)
  2 orc priests (D:5)
  5 hounds
  3 iguanas (D:4)
  An orc wizard (D:6)
  Robin (D:4)
  7 adders
  16 gnolls
  2 ufetubi
  2 worms (D:2)
  2 dart slugs
  8 orcs
  4 bats
  7 endoplasms
  2 giant cockroaches (D:3)
  15 goblins
  11 hobgoblins
  8 jackals
  23 kobolds
  3 quokkas
  10 ball pythons
  4 frilled lizards
  21 orc zombies (Bailey)
  3 rats
188 creatures vanquished.

Vanquished Creatures (collateral kills)
  Duvessa (D:5)
  A centaur (D:6)
  A scorpion (D:5)
  Dowan (D:5)
  A jelly (D:6)
  2 worms (D:2)
  An endoplasm (D:2)
8 creatures vanquished.

Grand Total: 196 creatures vanquished

Notes
Turn   | Place    | Note
-------+----------+-------------------------------------------
     0 | D:1      | bearlyready the Naga Transmuter began the quest for the
                  | Orb.
     0 | D:1      | Reached XP level 1. HP: 18/18 MP: 3/3
   234 | D:1      | Reached XP level 2. HP: 13/25 MP: 5/5
   752 | D:1      | Reached XP level 3. HP: 30/31 MP: 6/6
   755 | D:1      | Learned a level 2 spell: Wereblood
   759 | D:1      | Learned a level 3 spell: Spider Form
   946 | D:2      | Found the +2 ratskin cloak {*Rats rPois rN+ Str-1 Int-1
                  | Dex+1}
  1041 | D:2      | Reached skill level 1 in Poison Magic
  1068 | D:2      | Reached XP level 4. HP: 14/38 MP: 1/7
  1316 | D:2      | Reached skill level 4 in Unarmed Combat
  1372 | D:2      | Got the Teachings on the Spatial Gargoyle
  1969 | D:3      | Reached XP level 5. HP: 37/44 MP: 8/8
  2668 | D:4      | Noticed a phantom
  2684 | D:4      | Killed a phantom
  2685 | D:4      | Reached XP level 6. HP: 46/51 MP: 6/9
  2807 | D:5      | Entered Level 5 of the Dungeon
  2813 | D:5      | Reached skill level 5 in Unarmed Combat
  2944 | D:5      | Found a staircase to the Ecumenical Temple.
  2944 | D:5      | Noticed Dowan
  3038 | D:5      | Noticed Duvessa
  3050 | D:5      | Killed Dowan
  3056 | D:5      | Killed Duvessa
  3057 | D:5      | Reached skill level 6 in Unarmed Combat
  3057 | D:5      | Reached XP level 7. HP: 10/57 MP: 10/10
  3068 | Temple   | Entered the Ecumenical Temple
  3576 | D:5      | Noticed Sigmund
  3583 | D:5      | Killed Sigmund
  3584 | D:5      | Reached skill level 7 in Unarmed Combat
  3647 | D:5      | Reached XP level 8. HP: 63/64 MP: 11/11
  3657 | D:5      | Reached skill level 8 in Unarmed Combat
  3738 | D:5      | Found an iron altar of Okawaru.
  4359 | D:5      | Reached skill level 9 in Unarmed Combat
  4798 | D:4      | Noticed Robin
  4814 | D:4      | Killed Robin
  5885 | D:6      | Reached skill level 10 in Unarmed Combat
  6019 | D:6      | Reached XP level 9. HP: 55/70 MP: 7/12
  6027 | D:6      | Learned a level 4 spell: Petrify
  6596 | D:6      | Found a shimmering altar of Xom.
  7033 | D:7      | Found a flagged portal.
  7047 | Bailey   | Entered a bailey
  7474 | Bailey   | Reached skill level 11 in Unarmed Combat
  7480 | Bailey   | Reached skill level 5 in Transmutations
  7859 | Bailey   | Noticed a gargoyle
  7872 | Bailey   | Killed a gargoyle
  7901 | Bailey   | Gained mutation: You are partially covered in iridescent
                  | scales. (AC +2) [potion of mutation]
  7901 | Bailey   | Gained mutation: You are mostly covered in iridescent
                  | scales. (AC +4) [potion of mutation]
  7901 | Bailey   | Gained mutation: Your flesh is heat resistant. (rF+)
                  | [potion of mutation]
  7901 | Bailey   | Gained mutation: Your tail ends in a venomous barb. [potion
                  | of mutation]
  7906 | Bailey   | HP: 3/78 [vampire/+0 vampiric halberd (10)]
  7906 | Bailey   | Slain by a vampire

Illustrated notes

Levels and vault maps discovered:
D:1:      dpeg_arrival_morbid_curiosity, layout_loops_ring
D:2:      layout_basic, dk_vineyard_1
D:3:      layout_rooms, minmay_pentomino_pile
D:4:      layout_layer_cave, chequers_serial_rivers_micro_c, chequers_garden,
          chequers_decorated_corner, uniq_robin
D:5:      layout_basic, okawaru_trees_2, minmay_temple_entry_purple_smoke,
          uniq_sigmund, uniq_duvessa
D:6:      layout_loops_ring, lemuel_doored_altar
D:7:      layout_basic, enter_bailey_5
Temple:   nicolae_temple_superstar
Bailey:   bailey_polearm_vampire_castle_hellmonk, bailey

Skill      XL: |  1  2  3  4  5  6  7  8  9 |
---------------+----------------------------+-----
Poison Magic   | 1 2 3 4 |  4.0
Transmutations | 3 4 5 |  5.8
Unarmed Combat | 4 6 7 10 11 | 11.4
Fighting       | 4 |  4.0
Dodging        | |  1.5
Spellcasting   | |  2.0

Action                     |  1- 3 |  4- 6 |  7- 9 || total
---------------------------+-------+-------+-------++-------
  Melee: Unarmed           |    77 |   227 |   348 ||   652
         Punch             |     1 |    10 |    16 ||    27
         Headbutt          |       |     4 |       ||     4
  Throw: Dart              |       |     3 |       ||     3
   Cast: Beastly Appendage |     1 |     2 |       ||     3
         Spider Form       |     2 |     4 |     9 ||    15
         Wereblood         |     1 |     1 |    12 ||    14
Ability: Spit Poison       |    15 |    10 |     9 ||    34
    Use: Potion            |       |     1 |     6 ||     7
         Scroll            |       |     3 |     4 ||     7
   Stab: Sleeping          |       |     2 |       ||     2
 Armour: Robe              |    21 |    78 |   102 ||   201
         Skin              |       |     9 |    16 ||    25
  Dodge: Dodged            |    59 |   149 |   254 ||   462
